 Dungeon Crawl Stone Soup version 0.30.1-9-gdf580d7c3d (webtiles) character file.

Game seed: 6033788847161746749

1573468 LordWeiramon the Divine Blade (level 25, 240/240 HPs)
             Began as a Demigod Warper on Oct 20, 2023.
             Escaped with the Orb
             ... and 3 runes!
             The game lasted 05:26:14 (79728 turns).

LordWeiramon the Divine Blade (Demigod Warper)     Turns: 79728, Time: 05:26:15

Health: 240/240    AC: 41    Str: 25    XL:     25   Next: 38%
Magic:  30/30      EV: 35    Int: 18    God:
Gold:   1920       SH: 20    Dex: 39    Spells: 27/27 levels left

rFire   + . .        a - +8 autumn katana {manifold assault}
rCold   + . .        o - +2 kite shield {reflect}
rNeg    + + .        Z - +10 pearl dragon scales
rPois   +            W - +2 helmet {SInv}
rElec   +            P - +2 cloak {rPois}
rCorr   +            n - +2 pair of gloves {Str+3}
SInv    +            J - +2 pair of boots {rampage}
Will    +++++        l - amulet "Zearilon" {Acrobat *Slow Fragile rC++ Will+++}
Stlth   +            N - ring "Reun" {Fire rN+ SInv}
HPRegen 0.60/turn    R - ring of Zaihov {rElec rCorr Str+6 Int+3 SInv}
MPRegen 0.22/turn

%: slow self (1%), reflection, acrobat, rampage
@: studying Evocations
A: high MP 1, forlorn, divine attributes, claws 1, clumsy 1, inability to drink
after injury 1
0: Orb of Zot
}: 3/15 runes: decaying, silver, gossamer
a: no special abilities


You escaped.
You visited 10 branches of the dungeon, and saw 50 of its levels.
You visited the Abyss 2 times.
You also visited: Bailey and Gauntlet.

You collected 6876 gold pieces.
You spent 4956 gold pieces at shops.

Inventory:

Hand Weapons
 a - the +8 autumn katana (weapon) {manifold assault}
   (You took it off a deep elf death mage on level 5 of the Vaults)
Missiles
 T - 4 throwing nets (quivered)
Armour
 n - a +2 pair of gloves of strength (worn)
 o - a +2 kite shield of reflection (worn)
 J - a +2 pair of boots of rampaging (worn)
 P - a +2 cloak of poison resistance (worn)
 W - a +2 helmet of see invisible (worn)
 Z - +10 pearl dragon scales (worn)
Jewellery
 c - a ring of protection from fire
 l - the amulet "Zearilon" (around neck) {Acrobat *Slow Fragile rC++ Will+++}
   (You took it off a deep elf death mage on level 3 of the Elven Halls)

   [amulet of the acrobat]

   It increases your evasion while moving and waiting.
   rC:        It greatly protects you from cold.
   *Slow:     It may slow you when you take damage.
   Fragile:   It will be destroyed if unequipped.
   Will:      It greatly increases your willpower.
 s - a ring of poison resistance
 B - an amulet of reflection
 C - the ring of Salvation {rElec Will+ rCorr Dex+2}
   (You found it on level 3 of the Depths)

   [ring of resist corrosion]

   Dex:       It affects your dexterity (+2).
   rElec:     It insulates you from electricity.
   rCorr:     It protects you from acid and corrosion.
   Will:      It increases your willpower.
 N - the ring "Reun" (left hand) {Fire rN+ SInv}
   (You took it off a deep elf death mage on level 3 of the Elven Halls)

   [ring of fire]

   It enhances your fire magic.
   rF:        It protects you from fire.
   rC:        It makes you vulnerable to cold.
   rN:        It protects you from negative energy.
   SInv:      It lets you see invisible.
 R - the ring of Zaihov (right hand) {rElec rCorr Str+6 Int+3 SInv}
   (You took it off a gnoll on level 8 of the Dungeon)

   [ring of strength]

   Str:       It affects your strength (+6).
   Int:       It affects your intelligence (+3).
   rElec:     It insulates you from electricity.
   SInv:      It lets you see invisible.
   rCorr:     It protects you from acid and corrosion.
 X - a ring of flight
Wands
 d - a wand of flame (133)
 r - a wand of polymorph (9)
 t - a wand of roots (44)
 A - a wand of digging (26)
 D - a wand of charming (85)
 H - a wand of light (13)
 O - a wand of mindburst (26)
Scrolls
 e - 5 scrolls of silence
 f - 11 scrolls of butterflies
 m - 14 scrolls of fear
 q - 10 scrolls of enchant weapon
 v - 2 scrolls of fog
 w - 5 scrolls of magic mapping
 x - 2 scrolls of blinking
 y - 4 scrolls of brand weapon
 E - 20 scrolls of teleportation
 L - 6 scrolls of poison
Potions
 g - 12 potions of heal wounds
 h - 5 potions of invisibility
 i - 15 potions of mutation
 j - a potion of resistance
 k - 8 potions of attraction
 u - 7 potions of magic
 z - 20 potions of curing
 F - 3 potions of haste
 G - 17 potions of flight
 I - 2 potions of might
 M - 11 potions of ambrosia
 Q - 4 potions of berserk rage
 V - 6 potions of cancellation
Miscellaneous
 b - a phantom mirror
 p - a condenser vane
 K - a box of beasts
 S - a phial of floods
 U - a lightning rod (4/4)


   Skills:
 + Level 22.6 Fighting
 - Level 6.0(18.7) Short Blades
 - Level 26.7(27) Long Blades
 - Level 4.0 Polearms
 - Level 0.8 Throwing
 - Level 15.0 Armour
 - Level 20.0 Dodging
 - Level 15.0 Shields
 - Level 1.7 Spellcasting
 - Level 2.6 Translocations
 - Level 5.0 Evocations


You had 27 spell levels left.
You didn't know any spells.
Your spell library contained the following spells:

 Spells                   Type           Power      Damage    Failure   Level
 Apportation              Tloc           22%        N/A       19%         1
 Blink                    Tloc           22%        N/A       28%         2
 Lesser Beckoning         Tloc           22%        N/A       28%         2
 Momentum Strike          Conj/Tloc      12%        3d8       45%         2
 Beastly Appendage        Tmut           2%         N/A       50%         1
 Foxfire                  Conj/Fire      8%         2x1d4     50%         1
 Freeze                   Ice            4%         1d3       50%         1
 Kiss of Death            Conj/Necr      4%         2d5       50%         1
 Magic Dart               Conj           4%         1d3       50%         1
 Necrotise                Necr           4%         1d4       50%         1
 Sandblast                Erth           2%         2d4       50%         1
 Shock                    Conj/Air       4%         1d3       50%         1
 Slow                     Hex            4%         N/A       50%         1
 Summon Small Mammal      Summ           4%         N/A       50%         1
 Gell's Gravitas          Tloc           11%        N/A       50%         3
 Teleport Other           Tloc           11%        N/A       50%         3
 Call Imp                 Summ           2%         N/A       65%         2
 Cigotuvi's Dreadful Rot  Necr/Pois/Air  2%         N/A       65%         2
 Ensorcelled Hibernation  Hex/Ice        2%         N/A       65%         2
 Passwall                 Tmut/Erth      0%         N/A       65%         2
 Poisonous Vapours        Pois/Air       2%         N/A       65%         2
 Scorch                   Fire           4%         2d5       65%         2
 Wereblood                Tmut           1%         N/A       65%         2
 Vhi's Electric Charge    Tloc/Air       12%        N/A       69%         3
 Confusing Touch          Hex            1%         N/A       86%         3
 Dazzling Flash           Conj/Hex       2%         N/A       86%         3
 Frozen Ramparts          Ice            2%         1d1       86%         3
 Hailstorm                Conj/Ice       1%         3d3       86%         3
 Ignite Poison            Fire/Tmut/Pois 2%         N/A       86%         3
 Inner Flame              Hex/Fire       2%         N/A       86%         3
 Mephitic Cloud           Conj/Pois/Air  1%         N/A       86%         3
 Ozocubu's Armour         Ice            1%         N/A       86%         3
 Spider Form              Tmut/Pois      1%         N/A       86%         3
 Stone Arrow              Conj/Erth      2%         3d7       86%         3
 Summon Guardian Golem    Hex/Summ       1%         N/A       86%         3
 Swiftness                Air            1%         N/A       86%         3
 Tukima's Dance           Hex            1%         N/A       86%         3
 Vampiric Draining        Necr           1%         2d6       86%         3
 Manifold Assault         Tloc           11%        N/A       88%         4
 Passage of Golubria      Tloc           11%        N/A       88%         4
 Airstrike                Air            0%         2d(1-17)  99%         4
 Anguish                  Hex/Necr       0%         N/A       99%         4
 Animate Dead             Necr           1%         N/A       99%         4
 Cause Fear               Hex            0%         N/A       99%         4
 Flame Wave               Conj/Fire      2%         2d4       99%         4
 Ice Form                 Ice/Tmut       1%         N/A       99%         4
 Leda's Liquefaction      Hex/Erth       0%         N/A       99%         4
 Olgreb's Toxic Radiance  Pois           1%         N/A       99%         4
 Sticky Flame             Conj/Fire      2%         2d3       99%         4
 Agony                    Necr           1%         N/A       100%        5
 Arcjolt                  Conj/Air       0%         1d10      100%        5
 Borgnjor's Vile Clutch   Necr/Erth      0%         N/A       100%        5
 Fireball                 Conj/Fire      1%         3d3       100%        5
 Freezing Cloud           Conj/Ice/Air   0%         6-21      100%        5
 Iskenderun's Battlesphe  Conj           1%         2d6       100%        5
 Lee's Rapid Deconstruct  Erth           0%         3d4*      100%        5
 Metabolic Englaciation   Hex/Ice        0%         N/A       100%        5
 Silence                  Hex/Air        0%         N/A       100%        5
 Summon Forest            Summ/Tloc      3%         N/A       100%        5
 Summon Mana Viper        Hex/Summ       1%         N/A       100%        5
 Yara's Violent Unravell  Hex/Tmut       0%         3d3       100%        5
 Conjure Ball Lightning   Conj/Air       0%         3x3d6     100%        6
 Dispersal                Tloc           5%         N/A       100%        6
 Eringya's Noxious Bog    Tmut/Pois      0%         N/A       100%        6
 Iron Shot                Conj/Erth      0%         9d1       100%        6
 Plasma Beam              Fire/Air       1%         2x1d12    100%        6
 Simulacrum               Ice/Necr       0%         N/A       100%        6
 Starburst                Conj/Fire      1%         6d3       100%        6
 Statue Form              Tmut/Erth      0%         N/A       100%        6
 Summon Cactus Giant      Summ           0%         N/A       100%        6
 Dragon Form              Tmut           0%         N/A       100%        7
 Enfeeble                 Hex            0%         N/A       100%        7
 Haunt                    Necr/Summ      0%         N/A       100%        7
 Orb of Destruction       Conj           0%         9d5       100%        7
 Ozocubu's Refrigeration  Ice            0%         4d7       100%        7
 Spellforged Servitor     Conj/Summ      0%         N/A       100%        7
 Storm Form               Tmut/Air       0%         N/A       100%        7
 Borgnjor's Revivificati  Necr           0%         N/A       100%        8
 Discord                  Hex            0%         N/A       100%        8
 Disjunction              Tloc           5%         N/A       100%        8
 Ignition                 Fire           1%         3d3       100%        8
 Infestation              Necr           0%         N/A       100%        8
 Lehudib's Crystal Spear  Conj/Erth      0%         10d2      100%        8
 Maxwell's Capacitive Co  Air            0%         ∞         100%        8
 Chain Lightning          Conj/Air       0%         2d1       100%        9
 Dragon's Call            Summ           0%         N/A       100%        9
 Fire Storm               Conj/Fire      1%         7d1       100%        9
 Shatter                  Erth           0%         3d5*      100%        9


Dungeon Overview and Level Annotations

Branches:
Dungeon (15/15)            Temple (0/1) D:6            Lair (5/5) D:8
  Swamp (4/4) Lair:2       Spider (4/4) Lair:2        Slime (0/5) Lair:5
    Orc (2/2) D:10            Elf (3/3) Orc:2        Vaults (5/5) D:13
  Crypt (3/3) Vaults:2       Tomb (0/3) Crypt:3      Depths (4/4) D:15
    Zot (5/5) Depths:4     Bailey (visited)         Gauntlet (visited)

Shops:
D:9 *   Orc:2 (![   Elf:3 ?:?   Vaults:3 [   Vaults:4 [   Vaults:5 ?!=!?!!
Depths:1 ::=   Depths:3 (=

Portals:
Hell: Depths:1 Depths:2 Depths:3 Depths:4
Abyss: Lair:2 Depths:3 Depths:4
Pandemonium: Depths:1 Depths:2
Ziggurat: Depths:3

Annotations:
Crypt:3 1 runed translucent door, Upyaxum's ghost, veteran GrEE


Innate Abilities, Weirdness & Mutations

You have an increased reservoir of magic. (+10% MP)
You shall have no god before yourself.
Your divine heritage dramatically boosts your attributes as you level up.
You have sharp fingernails.
You are clumsy. (Dex -2)
You occasionally lose the ability to drink potions when taking damage.


Message History

(D) Dungeon (T) Temple (L) Lair (S) Swamp (N) Spider Nest (M) Slime Pits (O) Orcish Mines (E) Elven Halls (V) Vaults (C) Crypt (W) Tomb (U) Depths (H) Hell (Z) Zot
Where to? (Enter - D:1 @ (x,y), ? - help)
There is an escape hatch in the ceiling here.
A mysterious force pulls you upwards. The hatch slams shut behind you.
A red devil comes into view. It is wielding a +0 trident.
You rampage towards the red devil!
You block the red devil's attack.
You rampage towards the red devil!
You miss the red devil. You hit the red devil.
The red devil is lightly wounded.
You block the red devil's attack.
You carve the red devil like a ham!!!
You kill the red devil!
(D) Dungeon (T) Temple (L) Lair (S) Swamp (N) Spider Nest (M) Slime Pits (O) Orcish Mines (E) Elven Halls (V) Vaults (C) Crypt (W) Tomb (U) Depths (H) Hell (Z) Zot
Where to? (Enter - D:1 @ (x,y), ? - help)
There is a stone staircase leading up here.
You climb upwards.
There is a stone staircase leading down here.
There is a stone staircase leading up here.
You climb upwards.
There is a stone staircase leading down here.
There is a stone staircase leading up, spattered with blood here.
You see here a +0 dagger.
You climb upwards.
There is a stone staircase leading down here.
You see here a +0 dagger.
A hellion comes into view.
Blink to where?
Press: ? - help, Dir - move target
As you read the scroll of blinking, it crumbles to dust.
The hellion moves out of view.
Blink to where?
Press: ? - help, Dir - move target
As you read the scroll of blinking, it crumbles to dust.
You have escaped!

.....#.#####...##.# #.##.###
..................# ##.##.#
.....#.#####...#### #...#.#
####.#.# ##.###########.#.#.###
.).....# ##~≈≈≈≈≈≈~....#.#.#....
.###..## #~≈≈≈≈~~≈≈≈≈≈...#......
#.##..# #~≈≈~~.~≈≈≈≈≈~≈≈##.....
.###..# #≈≈~~.©.~≈≈≈≈≈≈≈≈.....#
......# ##≈~≈~.@∩~≈≈≈≈≈≈≈≈~#....
..##..####..≈≈~.©.~≈≈≈~≈≈≈≈≈#.#..
#.##.......≈≈≈≈~.~~≈≈~.~~≈≈~#..#.
......#####~≈≈≈~~~≈≈~.©.~≈≈.....#
#.###.#....≈≈≈≈≈≈≈≈≈~∩>..≈.≈#†.#.
........###.~≈≈≈≈≈≈≈~.©.~.≈~#.#..
.(......# #..≈≈≈≈≈≈≈≈~.~≈≈≈≈#....
##.###..# #..##.≈≈~≈≈~~≈≈≈≈≈#.#..
.#.#...## #........~≈≈≈≈≈≈~....#.


There were no monsters in sight!

Vanquished Creatures
  5 dread liches
  2 ancient liches
  12 orbs of fire
  Mennas (Crypt:3)
  A royal mummy (Crypt:3)
  2 juggernauts (Depths:3)
  Boris (thrice) (Vaults:3 Vaults:4 Depths:4)
  Bai Suzhen (Depths:1)
  2 curse toes
  8 Killer Klowns
  2 caustic shrikes (Depths:3)
  Nikola (Elf:1)
  the Enchantress (Depths:1)
  2 bone dragons
  14 golden dragons
  6 electric golems
  3 doom hounds (Vaults:2)
  Jory (Crypt:1)
  A walking earthen tome (Depths:3)
  Jorgrun (Elf:1)
  16 tentacled monstrosities
  2 deep elf blademasters (Elf:3)
  A deep elf master archer (Elf:3)
  25 Orb Guardians (Zot:5)
  Grunn (Crypt:1)
  3 titans
  6 liches
  7 quicksilver dragons
  8 ancient champions
  Agnes (Spider:1)
  10 death cobs
  2 thorn hunters
  7 sphinxes
  6 tengu reavers
  10 shadow dragons
  Kirke (Spider:4)
  2 draconian monks
  Donald (Swamp:3)
  The ghost of jpeg9000 the Warrior, a journeyman MiFi of Gozag (Elf:2)
  10 storm dragons
  4 draconian knights
  Roxanne (D:14)
  8 frost giants
  4 revenants
  3 fenstrider witches (Swamp:4)
  3 iron dragons
  20 vault wardens
  6 deep elf sorcerers
  8 fire giants
  9 emperor scorpions
  5 draconian shifters
  3 deep elf elementalists (Elf:3)
  2 draconian scorchers
  2 orc warlords
  3 war gargoyles (Vaults:5)
  A curse skull (Crypt:3)
  14 ironbound preservers
  10 ghouls
  A caustic shrike skeleton (Depths:3)
  2 juggernaut skeletons (Depths:2)
  9 ghost moths
  24 very ugly things
  4 broodmothers
  5 draconian annihilators
  11 stone giants
  5 draconian stormcallers
  6 ironbound thunderhulks
  6 spriggan defenders
  11 green draconians
  5 deep elf demonologists (Elf:3)
  5 eleionomae
  10 vampire knights
  8 purple draconians
  10 spark wasps
  Azrael (Spider:2)
  17 red draconians
  9 deep elf annihilators
  8 yellow draconians
  9 black draconians
  3 bunyips
  5 white draconians
  6 deep elf death magi
  3 eidola (Crypt:1)
  An ettin (shapeshifter) (Vaults:5)
  A green death (Swamp:4)
  7 deep elf high priests
  An entropy weaver (shapeshifter) (D:8)
  16 jiangshi
  7 ettins
  5 fire dragons
  3 entropy weavers
  2 shambling mangroves (Swamp:4)
  Erolcha (Orc:1)
  14 yaktaur captains
  7 great orbs of eyes
  10 ice dragons
  8 hydras
  An Orb Guardian zombie (Crypt:2)
  A peacekeeper (Vaults:4)
  4 rakshasas
  45 vault guards
  The ghost of Rem the Destroyer, a journeyman OpCj of Gozag (Lair:2)
  5 ogre magi
  17 ironbound frosthearts
  6 spriggan air magi
  Erica (D:10)
  The ghost of laqueoix the Summoner, a journeyman MfSu of Cheibriados (Lair:1)
  2 death knights (Crypt:1)
  2 jorogumos (Spider:3)
  23 centaur warriors
  4 catoblepae
  37 dancing weapons
  3 two-headed ogres
  9 boulder beetles
  8 death yaks (Lair:5)
  A ghost crab (Swamp:4)
  8 tengu warriors
  13 alligators
  2 radroaches
  5 spriggan berserkers
  11 deep troll earth magi
  A death scarab (Crypt:1)
  2 hell hogs (Abyss:3)
  5 deep troll shamans
  13 vampire magi
  2 thrashing horrors (Abyss:3)
  Urug (D:12)
  A hell knight (Depths:3)
  3 large abominations (Abyss:3)
  A titan zombie (Crypt:3)
  An emperor scorpion zombie (Crypt:1)
  2 soul eaters
  A wretched star (Abyss:3)
  2 shock serpents (shapeshifter)
  18 deep elf knights
  3 skysharks
  7 pharaoh ants
  2 sixfirhies (Swamp:4)
  A goliath frog (shapeshifter) (Vaults:3)
  5 shadow wraiths
  3 iron trolls
  A deep troll (shapeshifter) (Depths:4)
  11 skeletal warriors (Crypt:1)
  3 spriggan druids
  An anaconda zombie (Crypt:3)
  46 deep trolls
  8 goliath frogs
  7 flayed ghosts
  An orb spider (shapeshifter) (Vaults:3)
  14 deep elf archers
  2 shadow dragon zombies
  2 swamp dragons (shapeshifter) (Vaults:3)
  9 steelbarb worms
  4 orb spiders
  7 phantasmal warriors
  18 lindwurms
  5 swamp dragons
  8 bog bodies
  2 glowing orange brains
  An orc knight (Vaults:5)
  A bunyip skeleton (Crypt:3)
  The ghost of WaxSun the Poker, a novice AtFi (D:5)
  7 starcursed masses (Abyss:3)
  23 ironbound convokers
  2 golden dragon skeletons
  5 orc sorcerers
  12 wizards
  26 deep elf zephyrmancers
  11 necromancers
  36 ugly things
  3 manticores
  3 cyclopes
  31 deep elf pyromancers
  18 wolf spiders
  2 wolf spider zombies
  2 fire giant zombies
  A shining eye (shapeshifter) (Vaults:5)
  3 will-o-the-wisps (Swamp:3)
  A sphinx skeleton (Crypt:2)
  A worldbinder (Abyss:3)
  A black mamba (shapeshifter) (Lair:2)
  A guardian serpent (Abyss:3)
  A moth of wrath (shapeshifter) (Vaults:4)
  2 stone giant zombies
  14 vault sentinels
  10 elephants
  A dire elephant zombie (Crypt:1)
  A fire giant skeleton (Depths:1)
  A stone giant skeleton (Depths:1)
  26 moths of wrath
  A black mamba (Lair:1)
  A naga mage (Abyss:3)
  3 orange demons
  An elephant (shapeshifter) (Vaults:3)
  A torpor snail (shapeshifter) (Vaults:4)
  7 demonic crawlers
  The ghost of bearlyready the Cudgeller, a novice GnRe of Cheibriados (D:5)
  5 torpor snails
  A smoke demon (Gauntlet)
  Maurice (D:10)
  8 cane toads
  2 centaur skeletons
  A cane toad (shapeshifter) (D:15)
  5 gargoyles
  A rime drake (shapeshifter) (D:10)
  5 rime drakes
  Psyche (D:8)
  A dire elephant skeleton (Crypt:1)
  9 komodo dragons
  3 unseen horrors
  A sea snake zombie (Crypt:1)
  2 kobold demonologists
  3 freezing wraiths
  12 swamp worm zombies (Crypt:2)
  2 tengu conjurers
  An efreet (Zot:3)
  19 yaktaurs
  2 red devils
  A guardian mummy (Zot:1)
  An unseen horror skeleton (Crypt:3)
  2 bloated husks
  8 trolls
  2 harpy zombies
  A queen bee (D:10)
  A polar bear (Lair:2)
  2 hellwings (Swamp:4)
  10 tyrant leeches
  19 hornets
  32 tarantellas
  2 tarantellas (shapeshifter)
  19 blink frogs
  4 dream sheep
  3 raiju (Abyss:3)
  16 jumping spiders
  A spriggan zombie (Depths:1)
  A satyr zombie (Crypt:2)
  A frost giant simulacrum (Depths:1)
  7 flying skulls
  8 wyverns
  2 air elementals (Elf:3)
  37 slime creatures
  An ice dragon skeleton (Crypt:2)
  3 shadows
  27 culicivoras
  3 wraiths
  5 vampires
  23 fire elementals
  A yak (shapeshifter) (Lair:2)
  12 spriggans
  A black mamba skeleton (Crypt:2)
  4 hogs (Spider:4)
  4 small abominations
  4 water elementals
  39 yaks
  8 basilisks
  68 redbacks
  2 neqoxecs
  A steam dragon (D:8)
  4 golden eyes
  3 chaos spawn (Swamp:4)
  16 vampire mosquitoes
  An alligator snapping turtle simulacrum (Crypt:2)
  A wind drake skeleton (Crypt:2)
  A merfolk zombie (Crypt:2)
  A glowing shapeshifter zombie (Depths:3)
  3 wargs
  A swamp worm (shapeshifter) (Depths:3)
  3 nagas (Abyss:3)
  A deep troll zombie (Crypt:3)
  12 swamp worms
  3 hell hounds (Spider:2)
  An acid dragon (D:8)
  A two-headed ogre skeleton (Crypt:3)
  12 water moccasins
  2 sky beasts
  A black bear (D:8)
  3 swamp drakes
  33 orc warriors
  3 boggarts
  6 ogres
  13 wolves
  8 centaurs
  2 phantoms
  9 kobold brigands
  18 bullfrogs
  A wyvern zombie (D:8)
  4 scorpions
  A scorpion (shapeshifter) (Vaults:5)
  6 necrophages
  A gnoll sergeant (D:8)
  An earth elemental (Elf:2)
  9 wights
  A raiju zombie (Crypt:1)
  19 killer bees
  3 spriggan skeletons
  A yak skeleton (Crypt:2)
  3 howler monkeys
  3 electric eels
  2 crimson imps (Gauntlet)
  3 jellies
  9 hounds
  A quasit (Abyss:3)
  An iron imp (Abyss:3)
  21 orc priests
  11 iguanas
  Natasha (D:3)
  38 orc wizards
  Terence (D:2)
  5 hell rats (Lair:2)
  A boggart skeleton (Crypt:3)
  2 tengu skeletons
  2 howler monkey zombies
  Robin (D:1)
  5 gnolls
  3 adders
  3 shadow imps
  4 white imps
  3 ufetubi
  A worm zombie (Crypt:3)
  A lava snake zombie (Crypt:3)
  A jelly zombie (Crypt:2)
  2 worms
  2 dart slugs
  137 orcs
  10 endoplasms
  4 giant cockroaches
  14 goblins
  11 hobgoblins
  A jackal (shapeshifter) (Vaults:5)
  5 jackals
  6 quokkas
  3 ball pythons
  5 bats
  3 frilled lizards (D:1)
  27 kobolds
  3 rats
2296 creatures vanquished.

Vanquished Creatures (collateral kills)
  A golden dragon (Depths:3)
  A minotaur (Gauntlet)
  A hydra (Swamp:3)
  A catoblepas (D:8)
  A deep troll earth mage (Depths:3)
  A tarantella (Spider:1)
6 creatures vanquished.

Vanquished Creatures (others)
  A vampire knight (Vaults:2)
  An ogre mage (Vaults:4)
  A necromancer (Crypt:2)
  A deep elf pyromancer (Elf:1)
  An orc sorcerer (Swamp:4)
  4 bloated husks
  A fire elemental (Zot:3)
  A chaos spawn (Swamp:4)
  A centaur (D:10)
  2 orc priests
  A hell rat (Lair:2)
  An orc wizard (D:8)
  2 orcs
  A hobgoblin (D:2)
  A kobold (D:8)
  10 foxfires (Swamp:3)
30 creatures vanquished.

Grand Total: 2332 creatures vanquished

Notes
Turn   | Place    | Note
-------+----------+-------------------------------------------
     0 | D:1      | LordWeiramon the Demigod Warper began the quest for the
                  | Orb.
     0 | D:1      | Reached XP level 1. HP: 17/17 MP: 5/5
   376 | D:1      | Reached XP level 2. HP: 24/24 MP: 7/7
   962 | D:2      | Identified the +0 robe of Butosm {rF++}
   973 | D:2      | Noticed Terence
  1044 | D:1      | Reached XP level 3. HP: 18/29 MP: 8/8
  1135 | D:2      | Noticed Robin
  1175 | D:1      | Killed Robin
  1224 | D:2      | Identified the +0 robe of the Chewing Gods {Harm rC++ Will-
                  | rCorr}
  2168 | D:3      | Reached skill level 1 in Armour
  2178 | D:3      | Reached XP level 4. HP: 36/36 MP: 9/9
  2847 | D:3      | Noticed Natasha
  2861 | D:3      | Killed Natasha
  2862 | D:3      | Reached skill level 1 in Short Blades
  3077 | D:4      | Reached XP level 5. HP: 38/41 MP: 10/10
  3297 | D:4      | Reached XP level 6. HP: 48/48 MP: 11/11
  3539 | D:4      | Reached skill level 5 in Short Blades
  4006 | D:5      | Entered Level 5 of the Dungeon
  4078 | D:5      | Reached XP level 7. HP: 53/55 MP: 12/12
  4395 | D:5      | Found a runed translucent gate.
  4395 | D:5      | Found a runed translucent gate.
  4395 | D:5      | Found a runed translucent gate.
  4396 | D:5      | Noticed WaxSun's ghost (novice AtFi)
  4397 | D:5      | Noticed bearlyready's ghost (novice GnRe)
  4993 | D:2      | Killed Terence
  5101 | D:6      | Reached skill level 5 in Dodging
  5245 | D:6      | Reached XP level 8. HP: 61/61 MP: 13/13
  5331 | D:6      | Found a staircase to the Ecumenical Temple.
  5476 | D:6      | Reached skill level 5 in Armour
  5826 | D:7      | Found a flagged portal.
  5886 | Bailey   | Entered a bailey
  6204 | Bailey   | Reached skill level 5 in Fighting
  6291 | Bailey   | Identified the +2 crystal plate armour "Jipi" {Rampage rN++
                  | Dex-4 SInv}
  6526 | D:7      | Reached skill level 1 in Evocations
  6526 | D:7      | Reached XP level 9. HP: 57/74 MP: 14/14
  7055 | D:7      | Got the Lectures on the Flashy Crater
  7346 | D:7      | Noticed a manticore
  7422 | D:8      | Identified the +2 sling "Qoatwan" {freeze, rPois rCorr
                  | Str-5}
  7464 | D:8      | Reached skill level 5 in Evocations
  7468 | D:8      | Paralysed by a hornet for 3 turns
  7565 | D:8      | Found a staircase to the Lair.
  7661 | D:8      | Noticed a catoblepas
  7662 | D:8      | Identified the staff of earth "Coarerr" {rC+ Int+3}
  7663 | D:8      | Noticed a centaur warrior
  7709 | D:8      | Noticed Psyche
  7911 | D:7      | Killed a manticore
  8017 | D:8      | Killed Psyche
  8018 | D:8      | Reached XP level 10. HP: 73/81 MP: 15/15
  8084 | D:8      | Identified the ring of Zaihov {rElec rCorr Str+6 Int+3
                  | SInv}
  8096 | Lair:1   | Entered Level 1 of the Lair of Beasts
  8320 | D:8      | Killed a centaur warrior
  8321 | D:8      | Reached skill level 10 in Dodging
  8321 | D:8      | Reached skill level 2 in Long Blades
  8342 | Lair:1   | Reached skill level 3 in Long Blades
  8445 | D:8      | Identified the +8 sling of Tomn {heavy, rElec rN+}
  8549 | D:8      | Killed a catoblepas
  8550 | D:8      | Reached skill level 4 in Long Blades
  8595 | D:8      | Reached skill level 5 in Long Blades
  8689 | D:8      | Got the Quarto of Configuration
  8694 | D:8      | Got the Folio of Topological Permutations
  8751 | D:8      | Noticed a centaur warrior
  8782 | D:8      | Killed a centaur warrior
  8875 | D:8      | Reached skill level 6 in Long Blades
  8923 | D:8      | Noticed an entropy weaver
  8944 | D:8      | Killed an entropy weaver
  8945 | D:8      | Reached XP level 11. HP: 86/86 MP: 17/17
  9403 | D:9      | Reached skill level 7 in Long Blades
  9653 | D:9      | Noticed a two-headed ogre
  9661 | D:9      | Killed a two-headed ogre
  9702 | D:9      | Found Atilot's General Store.
  9709 | D:9      | Bought a +3 leather armour of cold resistance for 360 gold
                  | pieces
  9720 | D:9      | Bought a scroll of identify for 30 gold pieces
  9720 | D:9      | Bought a scroll of identify for 30 gold pieces
  9720 | D:9      | Bought 2 scrolls of fear for 120 gold pieces
  9924 | D:9      | Reached skill level 8 in Long Blades
 10247 | D:10     | Entered Level 10 of the Dungeon
 10247 | D:10     | Noticed Erica
 10270 | D:10     | Killed Erica
 10520 | D:10     | Noticed Maurice
 10529 | D:10     | Killed Maurice
 10538 | D:10     | Found a staircase to the Orcish Mines.
 10788 | D:10     | Reached skill level 9 in Long Blades
 10817 | D:10     | Noticed a soul eater
 11416 | D:5      | Killed WaxSun's ghost
 11421 | D:5      | Killed bearlyready's ghost
 11422 | D:5      | Reached skill level 10 in Long Blades
 11742 | D:11     | Noticed a boulder beetle
 11753 | D:11     | Killed a boulder beetle
 11922 | D:11     | Reached skill level 11 in Long Blades
 12869 | Lair:1   | Reached XP level 12. HP: 94/94 MP: 18/18
 12958 | Lair:1   | Reached skill level 12 in Long Blades
 13381 | Lair:1   | Noticed laqueoix's ghost (journeyman MfSu)
 13404 | Lair:1   | Found a transporter.
 13408 | Lair:1   | Found a transporter.
 13658 | Lair:2   | Noticed a catoblepas
 13762 | Lair:2   | Reached skill level 13 in Long Blades
 14289 | Lair:2   | Found a staircase to the Swamp.
 14458 | Lair:2   | Killed a catoblepas
 14530 | Lair:2   | Found a transporter.
 14550 | Lair:2   | Found a transporter.
 14565 | Lair:2   | Noticed Rem's ghost (journeyman OpCj)
 14582 | Lair:2   | Found a one-way gate to the infinite horrors of the Abyss.
 14615 | Lair:2   | Found a hole to the Spider Nest.
 15034 | Lair:3   | Noticed a seven-headed hydra
 15045 | Lair:3   | Killed a two-headed hydra
 15214 | Lair:3   | Noticed a five-headed hydra
 15228 | Lair:3   | Killed a two-headed hydra
 15801 | Lair:4   | Reached XP level 13. HP: 100/100 MP: 19/19
 16617 | Lair:5   | Entered Level 5 of the Lair of Beasts
 16978 | Lair:5   | Found a staircase to the Slime Pits.
 17763 | Lair:5   | Reached skill level 15 in Dodging
 18366 | Lair:1   | Killed laqueoix's ghost
 18718 | D:12     | Noticed Urug
 18735 | D:12     | Killed Urug
 18736 | D:12     | Reached XP level 14. HP: 88/113 MP: 20/20
 19700 | D:13     | Found a gate leading to a gauntlet.
 19728 | Gauntlet | Entered a Gauntlet
 19728 | Gauntlet | Found a transporter.
 19728 | Gauntlet | Found a transporter.
 19737 | Gauntlet | Found a transporter.
 19744 | Gauntlet | Found a transporter.
 19751 | Gauntlet | Found a transporter.
 19766 | Gauntlet | Found a transporter.
 19780 | Gauntlet | Found a transporter.
 19795 | Gauntlet | Found a transporter.
 19803 | Gauntlet | Found a transporter.
 19850 | Gauntlet | Found a transporter.
 19852 | Gauntlet | Found a transporter.
 19873 | Gauntlet | Found a transporter.
 20151 | Gauntlet | Got the Directory of the Snow-white Dose
 20744 | D:13     | Found a gate to the Vaults.
 20808 | D:13     | Reached skill level 10 in Fighting
 20880 | D:13     | Reached skill level 1 in Shields
 22173 | D:14     | Identified Roxanne's Parchment of the Ground
 22173 | D:14     | Noticed Roxanne
 22473 | D:15     | Entered Level 15 of the Dungeon
 22619 | D:15     | Reached skill level 5 in Shields
 22786 | D:15     | Found a staircase to the Depths.
 23841 | Orc:1    | Entered Level 1 of the Orcish Mines
 23841 | Orc:1    | Noticed Erolcha
 23841 | Orc:1    | Noticed an orc warlord
 24011 | D:10     | Killed an orc warlord
 24295 | Orc:1    | Killed Erolcha
 24730 | Orc:2    | Entered Level 2 of the Orcish Mines
 24835 | Orc:2    | Found a staircase to the Elven Halls.
 25001 | Orc:2    | Found Ceinkame's Distillery.
 25009 | Orc:2    | Bought 2 potions of might for 96 gold pieces
 25009 | Orc:2    | Bought a potion of heal wounds for 60 gold pieces
 25009 | Orc:2    | Bought a potion of curing for 36 gold pieces
 25009 | Orc:2    | Bought a potion of curing for 36 gold pieces
 25009 | Orc:2    | Bought a potion of invisibility for 96 gold pieces
 25009 | Orc:2    | Bought a potion of mutation for 96 gold pieces
 25009 | Orc:2    | Bought a potion of berserk rage for 60 gold pieces
 25009 | Orc:2    | Bought a potion of flight for 36 gold pieces
 25157 | Orc:2    | Reached XP level 15. HP: 126/126 MP: 0/21
 25165 | Orc:2    | Found Suamaog's Book Boutique.
 25517 | Orc:2    | Found Igiukkas's Antique Weapon Shoppe.
 25519 | Orc:2    | Found Aseruf's Antique Armour Emporium.
 25961 | Spider:1 | Entered Level 1 of the Spider Nest
 26733 | Spider:1 | Reached skill level 10 in Shields
 26813 | Spider:1 | Noticed Agnes
 26822 | Spider:1 | Killed Agnes
 29425 | Spider:2 | Noticed Azrael
 29446 | Spider:2 | Killed Azrael
 29970 | Spider:3 | Reached skill level 10 in Armour
 31664 | Spider:4 | Entered Level 4 of the Spider Nest
 31718 | Spider:3 | Reached XP level 16. HP: 138/138 MP: 13/22
 31790 | Spider:4 | Noticed Kirke
 31815 | Spider:4 | Killed Kirke
 34180 | Spider:4 | Identified the scarf of Cocytus {shadows, Int+3}
 34358 | Spider:4 | Got a gossamer rune of Zot
 34466 | Swamp:1  | Entered Level 1 of the Swamp
 35635 | Swamp:2  | Reached skill level 15 in Fighting
 36496 | Swamp:3  | Noticed Donald
 36721 | Swamp:3  | Killed Donald
 36722 | Swamp:3  | Reached XP level 17. HP: 139/156 MP: 23/23
 37169 | Swamp:3  | Identified the staff of air "Ryatuam" {rElec rCorr Int+2}
 37418 | Swamp:4  | Entered Level 4 of the Swamp
 38170 | Swamp:4  | Noticed a tentacled monstrosity
 38183 | Swamp:4  | Killed a tentacled monstrosity
 39067 | Swamp:4  | Got a decaying rune of Zot
 39657 | Lair:2   | Killed Rem's ghost
 39832 | Elf:1    | Entered Level 1 of the Elven Halls
 40153 | Elf:1    | Reached skill level 15 in Armour
 40437 | Elf:1    | Noticed Nikola
 40438 | Elf:1    | Noticed Jorgrun
 40459 | Elf:1    | Killed Nikola
 40468 | Elf:1    | Killed Jorgrun
 41118 | Elf:1    | Reached XP level 18. HP: 163/163 MP: 24/24
 41945 | Elf:2    | Found a runed translucent gate.
 41946 | Elf:2    | Found a runed translucent gate.
 41946 | Elf:2    | Found a runed translucent gate.
 42038 | Elf:2    | Found a runed translucent door.
 42039 | Elf:2    | Noticed jpeg9000's ghost (journeyman MiFi)
 43108 | Elf:2    | Killed jpeg9000's ghost
 43148 | Elf:2    | Identified the +4 plate armour of the Thinker {rF++ Str+6
                  | Int-3}
 43643 | Elf:3    | Entered Level 3 of the Elven Halls
 43674 | Elf:3    | Found Rilloecu's Book Boutique.
 43677 | Elf:3    | Reached skill level 14 in Long Blades
 43839 | Elf:3    | Found Fops's Magic Scroll Emporium.
 43878 | Elf:3    | Bought a scroll of blinking for 97 gold pieces
 43878 | Elf:3    | Bought a scroll of enchant weapon for 97 gold pieces
 43878 | Elf:3    | Bought a scroll of enchant armour for 97 gold pieces
 43878 | Elf:3    | Bought a scroll of butterflies for 52 gold pieces
 43878 | Elf:3    | Bought a scroll of butterflies for 52 gold pieces
 43965 | Elf:3    | Paralysed by an air elemental for 1 turns
 43995 | Elf:3    | Identified the +5 war axe of Huetef Tucum {antimagic, *Rage
                  | +Blink rElec Dex-3}
 44051 | Elf:3    | Found Qyon's Magic Scroll Emporium.
 44054 | Elf:3    | Bought a scroll of butterflies for 56 gold pieces
 44054 | Elf:3    | Bought a scroll of fear for 56 gold pieces
 44054 | Elf:3    | Bought a scroll of butterflies for 56 gold pieces
 44054 | Elf:3    | Bought a scroll of fear for 56 gold pieces
 44054 | Elf:3    | Bought a scroll of brand weapon for 133 gold pieces
 45005 | Elf:3    | Noticed a Brimstone Fiend
 45009 | Elf:3    | Noticed a Hell Sentinel
 45183 | Abyss:3  | Cast into level 3 of the Abyss (a deep elf demonologist)
 45202 | Abyss:3  | Noticed a dread lich
 45217 | Abyss:3  | Killed a dread lich
 45218 | Abyss:3  | Reached skill level 15 in Long Blades
 45342 | Elf:3    | Escaped the Abyss
 45408 | Elf:3    | Identified the ring "Reun" {Fire rN+ SInv}
 45415 | Elf:3    | Noticed a Tzitzimitl
 45598 | Elf:3    | Identified the +6 morningstar of the Singing Gods {flame,
                  | rN+}
 45598 | Elf:3    | Identified the amulet "Zearilon" {Acrobat *Slow Fragile
                  | rC++ Will+++}
 46302 | D:14     | Identified the +0 barding of the Mackerel {*Corrode rF-
                  | rC+++ Stlth+}
 46376 | D:14     | Killed Roxanne
 46474 | Vaults:1 | Entered Level 1 of the Vaults
 46648 | Vaults:1 | Reached XP level 19. HP: 170/170 MP: 25/25
 48469 | Vaults:2 | You fall into a shaft and drop 1 floor!
 49266 | Vaults:2 | Reached skill level 16 in Long Blades
 49352 | Vaults:2 | Got the Teachings on Scintillating Accelerants
 49815 | Vaults:2 | Found a staircase to the Crypt.
 49950 | Vaults:2 | Reached skill level 17 in Long Blades
 50627 | Vaults:3 | Noticed Boris
 50651 | Vaults:3 | Killed Boris
 50652 | Vaults:3 | Reached XP level 20. HP: 173/178 MP: 26/26
 51204 | Vaults:3 | Reached skill level 18 in Long Blades
 51594 | Vaults:3 | Found Testil's Antique Armour Emporium.
 51599 | Vaults:3 | Bought an embroidered cloak for 240 gold pieces
 52266 | Vaults:4 | Found Curoff's Armour Shoppe.
 52271 | Vaults:4 | Reached skill level 19 in Long Blades
 52781 | Vaults:4 | Found a transporter.
 52781 | Vaults:4 | Noticed Boris
 52784 | Vaults:4 | Noticed an ancient lich
 54051 | Vaults:4 | Killed an ancient lich
 54089 | Vaults:4 | Killed Boris
 54090 | Vaults:4 | Reached skill level 20 in Long Blades
 54140 | Vaults:4 | Identified the +0 hat of Vuuhuyrcho {rElec rN+ Will-}
 54271 | Vaults:4 | Found a transporter.
 54399 | Crypt:1  | Entered Level 1 of the Crypt
 54402 | Crypt:1  | Noticed Grunn
 54767 | Crypt:1  | Killed Grunn
 55544 | Crypt:1  | Noticed Jory
 55555 | Crypt:1  | Killed Jory
 55771 | Crypt:1  | Reached XP level 21. HP: 184/184 MP: 28/28
 56194 | Crypt:1  | Got the Compendium of Cadavers
 56826 | Crypt:2  | Identified the +3 shortbow "Ofroeb" {flame, rPois rF+ rC-}
 57252 | Crypt:3  | Entered Level 3 of the Crypt
 57319 | Crypt:3  | Identified the +0 chain mail of the Writhing Gods {rPois
                  | Str-2 Dex+6 Slay+2}
 57522 | Crypt:3  | Found a runed translucent door.
 57522 | Crypt:3  | Noticed Upyaxum's ghost (veteran GrEE)
 57523 | Crypt:3  | Identified the +8 quick blade of Sloth {chaos, rC+++ Str+8
                  | Int-3 Dex-4}
 57574 | Crypt:3  | Found a staircase to the Tomb.
 58510 | Crypt:3  | Noticed Mennas
 58534 | Crypt:3  | Killed Mennas
 59164 | Crypt:3  | Noticed a royal mummy
 59194 | Crypt:3  | Killed a royal mummy
 59833 | Depths:1 | Entered Level 1 of the Depths
 60205 | Depths:1 | Found a one-way gate leading to the halls of Pandemonium.
 60244 | Depths:1 | Reached skill level 15 in Shields
 60293 | Depths:1 | Noticed Bai Suzhen
 60332 | Depths:1 | Killed Bai Suzhen
 60398 | Depths:1 | Found Xurror's Jewellery Shop.
 60398 | Depths:1 | Found Jomn's Book Shoppe.
 60408 | Depths:1 | Noticed the Enchantress
 60443 | Abyss:3  | Cast into level 3 of the Abyss (the Enchantress)
 60819 | Depths:1 | Escaped the Abyss
 60822 | Depths:1 | Killed the Enchantress
 61100 | Depths:1 | Found Mogyabb's Book Shoppe.
 61531 | Depths:1 | Found a gateway to Hell.
 61787 | Depths:2 | Reached XP level 22. HP: 151/195 MP: 29/29
 62946 | Depths:2 | Found the +6 Majin-Bo {spellvamp, MP+6 Int+6}
 63053 | Depths:3 | Found Cedi's Jewellery Shop.
 63449 | Depths:3 | Identified the +1 robe of the Devil's Team {-Tele Harm
                  | rCorr Dex-2}
 63513 | Depths:3 | Found a transporter.
 63882 | Depths:3 | Found Amaanex's Antique Weapon Shoppe.
 64710 | Depths:3 | Found a transporter.
 64887 | Depths:3 | Found a one-way gateway to a ziggurat.
 65097 | Depths:3 | Noticed a juggernaut
 65098 | Depths:3 | Noticed a juggernaut
 65098 | Depths:3 | Noticed a caustic shrike
 65128 | Depths:3 | Killed a juggernaut
 65145 | Depths:3 | Killed a juggernaut
 65389 | Depths:3 | Noticed a caustic shrike
 65420 | Depths:3 | Killed a caustic shrike
 65658 | Depths:3 | Killed a caustic shrike
 65761 | Depths:3 | Identified the ring of Tadghewo {Ice Int+3}
 65771 | Depths:3 | Identified the +3 hand axe of Meager Integrity {protect,
                  | *Slow rPois Int+4 Stlth+}
 65779 | Depths:3 | Identified the ring of the Quahog {rPois Str+4}
 65791 | Depths:3 | Identified the ring of Salvation {rElec Will+ rCorr Dex+2}
 65824 | Depths:4 | Entered Level 4 of the Depths
 66480 | Depths:4 | Noticed Boris
 66501 | Depths:4 | Killed Boris
 67354 | Depths:4 | Found a gate to the Realm of Zot.
 67863 | Vaults:5 | Entered Level 5 of the Vaults
 67948 | Vaults:4 | Reached skill level 21 in Long Blades
 68119 | Vaults:4 | Reached XP level 23. HP: 213/215 MP: 30/30
 68196 | Vaults:5 | Noticed a dread lich
 68406 | Vaults:5 | Found Tuvot's Magic Scroll Shoppe.
 68414 | Vaults:5 | Bought a scroll of blinking for 157 gold pieces
 68414 | Vaults:5 | Bought a scroll of butterflies for 84 gold pieces
 68414 | Vaults:5 | Bought a scroll of teleportation for 63 gold pieces
 68414 | Vaults:5 | Bought a scroll of enchant armour for 157 gold pieces
 68414 | Vaults:5 | Bought a scroll of fog for 84 gold pieces
 68611 | Vaults:5 | Killed a dread lich
 68876 | Vaults:5 | Reached skill level 22 in Long Blades
 69359 | Vaults:5 | Noticed a dread lich
 69378 | Vaults:5 | Killed a dread lich
 69481 | Vaults:5 | Found Hipn's Jewellery Shoppe.
 69491 | Vaults:5 | Identified the +0 rapier of Emelaagy {heavy, MP-9 Str+3
                  | Int+5}
 69968 | Vaults:5 | Found Asopsyix's Distillery.
 69972 | Vaults:5 | Bought a potion of flight for 54 gold pieces
 69972 | Vaults:5 | Bought a potion of flight for 54 gold pieces
 69972 | Vaults:5 | Bought a potion of curing for 54 gold pieces
 69972 | Vaults:5 | Bought a potion of curing for 54 gold pieces
 69972 | Vaults:5 | Bought a potion of flight for 54 gold pieces
 69972 | Vaults:5 | Bought a potion of cancellation for 144 gold pieces
 69972 | Vaults:5 | Bought a potion of heal wounds for 90 gold pieces
 69981 | Vaults:5 | Found Galudgh's Distillery.
 69985 | Vaults:5 | Bought a potion of mutation for 104 gold pieces
 69985 | Vaults:5 | Bought a potion of curing for 39 gold pieces
 69985 | Vaults:5 | Bought a potion of heal wounds for 65 gold pieces
 69985 | Vaults:5 | Bought a potion of berserk rage for 65 gold pieces
 69985 | Vaults:5 | Bought a potion of curing for 39 gold pieces
 69985 | Vaults:5 | Bought a potion of haste for 130 gold pieces
 69985 | Vaults:5 | Bought a potion of heal wounds for 65 gold pieces
 70013 | Vaults:5 | Found Ippaasam's Magic Scroll Shop.
 70017 | Vaults:5 | Bought a scroll of silence for 152 gold pieces
 70017 | Vaults:5 | Bought a scroll of enchant weapon for 120 gold pieces
 70017 | Vaults:5 | Bought a scroll of teleportation for 48 gold pieces
 70043 | Vaults:5 | Found Xiats's Distillery.
 70043 | Vaults:5 | Found Kigiweot's Distillery.
 70047 | Vaults:5 | Bought a potion of mutation for 96 gold pieces
 70047 | Vaults:5 | Bought a potion of flight for 36 gold pieces
 70047 | Vaults:5 | Bought a potion of flight for 36 gold pieces
 70047 | Vaults:5 | Bought a potion of flight for 36 gold pieces
 70047 | Vaults:5 | Bought a potion of curing for 36 gold pieces
 70054 | Vaults:5 | Bought a potion of might for 52 gold pieces
 70054 | Vaults:5 | Bought a potion of heal wounds for 65 gold pieces
 70054 | Vaults:5 | Bought a potion of invisibility for 104 gold pieces
 70054 | Vaults:5 | Bought a potion of curing for 39 gold pieces
 70062 | Vaults:5 | Found Vuokk's Distillery.
 70071 | Vaults:5 | Bought a potion of heal wounds for 70 gold pieces
 70071 | Vaults:5 | Bought a potion of might for 56 gold pieces
 70071 | Vaults:5 | Bought a potion of curing for 42 gold pieces
 70079 | Vaults:5 | Found Liataapt's Distillery.
 70083 | Vaults:5 | Bought a potion of invisibility for 112 gold pieces
 70083 | Vaults:5 | Bought a potion of berserk rage for 70 gold pieces
 70083 | Vaults:5 | Bought a potion of mutation for 112 gold pieces
 70083 | Vaults:5 | Bought a potion of berserk rage for 70 gold pieces
 70126 | Vaults:5 | Identified the +3 sling of Bumol {antimagic, rElec rF-
                  | Str+6}
 70157 | Vaults:5 | Got a silver rune of Zot
 70180 | Vaults:5 | Reached skill level 23 in Long Blades
 70960 | Zot:1    | Entered Level 1 of the Realm of Zot
 70973 | Zot:1    | Noticed a Killer Klown
 70984 | Zot:1    | Noticed a Killer Klown
 70999 | Zot:1    | Killed a Killer Klown
 71071 | Zot:1    | Killed a Killer Klown
 71138 | Zot:1    | Noticed an orb of fire
 71151 | Zot:1    | Killed an orb of fire
 71511 | Zot:1    | Noticed an orb of fire
 71530 | Zot:1    | Killed an orb of fire
 71844 | Zot:1    | Reached skill level 24 in Long Blades
 72136 | Zot:1    | You fall into a shaft and drop 1 floor!
 72457 | Zot:1    | Reached XP level 24. HP: 224/224 MP: 30/30
 72797 | Zot:1    | Noticed a Killer Klown
 72797 | Zot:1    | Noticed a Killer Klown
 72797 | Zot:1    | Noticed a Killer Klown
 72818 | Zot:1    | Killed a Killer Klown
 72831 | Zot:1    | Killed a Killer Klown
 72834 | Zot:1    | Killed a Killer Klown
 73331 | Zot:2    | Reached skill level 25 in Long Blades
 73549 | Zot:2    | Found the +1 cloak of Starlight {*Dazzle EV+4 Stlth--}
 73655 | Zot:2    | Identified the +6 scale mail "Haruzud" {Harm}
 75213 | Zot:3    | Noticed an orb of fire
 75218 | Zot:3    | Gained mutation: You occasionally lose the ability to drink
                  | potions when taking damage. [an orb of fire]
 75228 | Zot:3    | Gained mutation: You occasionally shout uncontrollably at
                  | your foes. [an orb of fire]
 75229 | Zot:3    | Killed an orb of fire
 75745 | Zot:3    | Reached skill level 26 in Long Blades
 76463 | Zot:5    | Entered Level 5 of the Realm of Zot
 77527 | Zot:5    | Noticed a dread lich
 77540 | Zot:5    | Noticed an orb of fire
 77549 | Zot:5    | Gained mutation: You are occasionally teleported next to
                  | monsters. [an orb of fire]
 77557 | Zot:5    | Noticed an orb of fire
 77558 | Zot:5    | Killed an orb of fire
 77563 | Zot:5    | Gained mutation: You have hidden genetic potential. [an orb
                  | of fire]
 77568 | Zot:5    | Killed an orb of fire
 77574 | Zot:5    | Noticed a dread lich
 77576 | Zot:5    | Killed a dread lich
 77584 | Zot:5    | Killed a dread lich
 77592 | Zot:5    | Noticed an orb of fire
 77611 | Zot:5    | Gained mutation: You have sharp toenails. [an orb of fire]
 77613 | Zot:5    | Killed an orb of fire
 77614 | Zot:5    | Reached XP level 25. HP: 185/235 MP: 23/30
 77633 | Zot:5    | Noticed an orb of fire
 77633 | Zot:5    | Noticed an orb of fire
 77633 | Zot:5    | Noticed an ancient lich
 77642 | Zot:5    | Lost mutation: You have hidden genetic potential. [an orb
                  | of fire]
 77650 | Zot:5    | Killed an orb of fire
 77657 | Zot:5    | Noticed an orb of fire
 77660 | Zot:5    | Gained mutation: You are vulnerable to cold. (rC-) [an orb
                  | of fire]
 77677 | Zot:5    | Lost mutation: You have sharp toenails. [potion of
                  | mutation]
 77677 | Zot:5    | Lost mutation: You occasionally shout uncontrollably at
                  | your foes. [potion of mutation]
 77677 | Zot:5    | Lost mutation: You are vulnerable to cold. (rC-) [potion of
                  | mutation]
 77677 | Zot:5    | Gained mutation: You are partially covered in large bone
                  | plates. (SH +4) [potion of mutation]
 77677 | Zot:5    | Gained mutation: You are strong-willed. (Will+) [potion of
                  | mutation]
 77678 | Zot:5    | Lost mutation: You occasionally lose the ability to drink
                  | potions when taking damage. [potion of mutation]
 77678 | Zot:5    | Lost mutation: You are partially covered in large bone
                  | plates. (SH +4) [potion of mutation]
 77678 | Zot:5    | Gained mutation: You sometimes lose your temper in combat.
                  | [potion of mutation]
 77678 | Zot:5    | Gained mutation: You are agile. (Dex +4, Str/Int -1)
                  | [potion of mutation]
 77679 | Zot:5    | Lost mutation: You are strong-willed. (Will+) [potion of
                  | mutation]
 77679 | Zot:5    | Lost mutation: You sometimes lose your temper in combat.
                  | [potion of mutation]
 77679 | Zot:5    | Lost mutation: You are agile. (Dex +4, Str/Int -1) [potion
                  | of mutation]
 77679 | Zot:5    | Gained mutation: You have sharp toenails. [potion of
                  | mutation]
 77679 | Zot:5    | Gained mutation: Your flesh is cold resistant. (rC+)
                  | [potion of mutation]
 77680 | Zot:5    | Lost mutation: Your flesh is cold resistant. (rC+) [potion
                  | of mutation]
 77680 | Zot:5    | Lost mutation: You are occasionally teleported next to
                  | monsters. [potion of mutation]
 77680 | Zot:5    | Gained mutation: Your muscles are strong. (Str +4, Int/Dex
                  | -1) [potion of mutation]
 77680 | Zot:5    | Gained mutation: You have sharp fingernails. [potion of
                  | mutation]
 77984 | Zot:5    | Gained mutation: You are partially covered in iridescent
                  | scales. (AC +2) [an orb of fire]
 77990 | Zot:5    | Killed an orb of fire
 78048 | Zot:5    | Killed an ancient lich
 78293 | Zot:5    | Noticed an orb of fire
 78307 | Zot:5    | Killed an orb of fire
 78309 | Zot:5    | Noticed an orb of fire
 78311 | Zot:5    | Noticed an orb of fire
 78642 | Zot:5    | Gained mutation: You are vulnerable to cold. (rC-) [an orb
                  | of fire]
 78648 | Zot:5    | Killed an orb of fire
 78672 | Zot:5    | Gained mutation: You are frail. (-10% HP) [an orb of fire]
 78674 | Zot:5    | Killed an orb of fire
 78708 | Zot:5    | Gained mutation: You are very frail. (-20% HP) [an orb of
                  | fire]
 78730 | Zot:5    | Killed an orb of fire
 79143 | Zot:5    | Lost mutation: You are very frail. (-20% HP) [potion of
                  | mutation]
 79143 | Zot:5    | Lost mutation: You are frail. (-10% HP) [potion of
                  | mutation]
 79143 | Zot:5    | Lost mutation: You are partially covered in iridescent
                  | scales. (AC +2) [potion of mutation]
 79143 | Zot:5    | Gained mutation: You have hidden genetic defects. [potion
                  | of mutation]
 79143 | Zot:5    | Gained mutation: You occasionally lose the ability to drink
                  | potions when taking damage. [potion of mutation]
 79144 | Zot:5    | Lost mutation: You are vulnerable to cold. (rC-) [potion of
                  | mutation]
 79144 | Zot:5    | Lost mutation: You have sharp toenails. [potion of
                  | mutation]
 79144 | Zot:5    | Gained mutation: You are clumsy. (Dex -2) [potion of
                  | mutation]
 79144 | Zot:5    | Lost mutation: Your muscles are strong. (Str +4, Int/Dex
                  | -1) [potion of mutation]
 79144 | Zot:5    | Lost mutation: You have hidden genetic defects. [potion of
                  | mutation]
 79237 | Zot:5    | Got the Orb of Zot
 79728 | D:$      | Escaped with the Orb!

Illustrated notes

Levels and vault maps discovered:
D:1:      spicycebolla_arrival_transporter_tutorial, layout_loops_ring,
          minmay_misc_feat_nine_boxes, minmay_splitting_lines,
          reono_crystal_passage
D:2:      layout_loops_ring, hellmonk_ecumenical_altar_lost_god, uniq_terence,
          uniq_robin
D:3:      layout_loops_ring, mainiacjoe_overflow_boulevard,
          dreamdust_princess_corridor, kennysheep_generic_room_5, uniq_natasha
D:4:      layout_basic, nicolae_qazlal_beasts_of_the_sky, kennysheep_mini,
          chequers_avenue
D:5:      minmay_general_purpose_star, layout_basic, led_sif_book,
          gammafunk_ghost_cemetery, chequers_serial_rivers_micro_c,
          minivault_25, item_on_display_a
D:6:      layout_cave_pools, nicolae_overflow_crystal_walls,
          mainiacjoe_overflow_swirl, minmay_temple_entry_statues_fountains
D:7:      minmay_chambers_of_fours, layout_basic, enter_bailey_2,
          minmay_checkerbox
D:8:      minmay_the_grid_octo_triangle [minmay_the_grid_octo_clover_2,
          minmay_the_grid_octo_prize_square_snowflake,
          minmay_the_grid_octo_chip], layout_cave_pools,
          riverfiend_overflow_shadow_ancestor, lemuel_zombie_altar_yredelemnul,
          kennysheep_mini_moat, uniq_psyche
D:9:      layout_stronghold, serial_shops, shop
D:10:     layout_long_grid, small_chamber_with_monster,
          nicolae_looking_at_the_future, uniq_maurice, uniq_erica
D:11:     layout_basic, lightli_minifort
D:12:     layout_loops_corners, roderic_filled_cross, uniq_urug
D:13:     layout_loops_ring, erik_vaults_2, gauntlet_entry_generic,
          nicolae_qazlal_eye_of_the_storm
D:14:     layout_long_grid, chequers_decorated_corner, uniq_roxanne
D:15:     hangedman_depths_entry_civil_slaughter, layout_gridville,
          dk_noncrumbling_4
Lair:1:   beast_lair_carwin_large_4, layout_cave_shapes, gammafunk_ghost_arena,
          minivault_25
Lair:2:   layout_loops_ring, skrybe_swamp_entry_bodies, spider_nest_entry_webs,
          gammafunk_ghost_abyssal_escape, beast_lair_carwin_1
Lair:3:   layout_cave_pods
Lair:4:   layout_misc_corridors, chequers_serial_rivers_small_a
Lair:5:   evilmike_catoblepas_cave, layout_regular_city, slime_entry_1,
          minmay_hedge_maze
Swamp:1:  layout_basic_swamp, evilmike_swamp_ruin_rubble_1
Swamp:2:  layout_basic_swamp, evilmike_swamp_ruin_house_6
Swamp:3:  layout_basic_swamp, nicolae_swamp_trees_clearing,
          nicolae_swamp_some_circles, uniq_donald
Swamp:4:  nzn_swamp_witches_coven, layout_basic_swamp, swamp_pool1,
          nicolae_swamp_catching_bugs
Spider:1: layout_spider_delve, nicolae_spider_wall_of_niches, uniq_agnes
Spider:2: layout_chambers, nicolae_spider_baby_got_redback, uniq_azrael
Spider:3: layout_spider_delve
Spider:4: grunt_spider_rune_circles, spiders_nest_hornet_nest, uniq_kirke
Orc:1:    layout_caves, nicolae_orc_rockfall, uniq_erolcha
Orc:2:    grunt_orc_community_town_hall, layout_caves,
          grunt_orc_community_big_house_2, grunt_orc_community_big_house_2,
          grunt_orc_community_house_3, grunt_orc_community_house_1,
          grunt_orc_community_house_1, grunt_orc_community_house_3,
          grunt_orc_community_house_3, basic_altar
Elf:1:    eino_elf_arrival_customs, layout_loops_ring,
          hangedman_elven_crosses_minicolossus, grunt_ministairs_13,
          uniq_jorgrun, uniq_nikola
Elf:2:    nicolae_elf_blades_crystal_corner, layout_loops_corners,
          ebering_ghost_inner_flame, amcnicky_mini_corridor_feature,
          minivault_23
Elf:3:    minmay_elf_hall_curves, layout_loops_cross, serial_shops,
          nicolae_shop_statue_plus, nicolae_shop_rolled_up, shop
Vaults:1: v_misc_25, nicolae_vaults_ellipses_ellipsis, hangedman_vaults_nodes,
          nicolae_vaults_closet_pinwheel_2, v_misc_18,
          nicolae_vaults_surprise_closet, ontoclasm_vaults_hangar,
          hangedman_vaults_river_flow, nicolae_vaults_little_squares_4,
          nicolae_vaults_shelves_hall, ontoclasm_vaults_tryst,
          layout_vaults_omnicross
Vaults:2: ontoclasm_vaults_loading_screen, minmay_crypt_entry_simple_corners,
          hangedman_vaults_maws, nicolae_vaults_trapezoid_lopsided_3,
          nicolae_vaults_antechamber_and_loot_room,
          nicolae_vaults_border_crossing, v_misc_25, layout_vaults_omnigrid
Vaults:3: vaults_room_fours, nicolae_vaults_loss_of_containment,
          hangedman_vaults_stream, v_rooms_4, nicolae_vaults_three_branches,
          nicolae_vaults_house_2, hangedman_vaults_stitches,
          nicolae_vaults_rhombus_5, hangedman_vaults_variations,
          nicolae_vaults_tetromino_T_1, nicolae_vaults_house_2,
          nicolae_vaults_storage_room_doors, nicolae_vaults_oval_intersection,
          vaults_room_ringed_pool, layout_vaults_maze, serial_shops,
          nicolae_shop_hallway_plus, uniq_boris
Vaults:4: gammafunk_sealed_library, nicolae_vaults_closet_pinwheel_4,
          nicolae_vaults_tetromino_T_2, hangedman_vaults_hat,
          ontoclasm_vaults_twist, ontoclasm_vaults_eye,
          nicolae_vaults_tetromino_L_1, nicolae_vaults_taking_the_gang_shopping,
          hangedman_vaults_restitches, nicolae_vaults_trapezoid_2,
          vaults_dpeg_diagonal, layout_vaults_chaotic_city
Vaults:5: serial_shops
Crypt:1:  layout_basic, special_room [special_room_morgue],
          hellmonk_scarab_ruin, uniq_grunn, uniq_jory
Crypt:2:  layout_basic, lemuel_dead_fish_pool
Crypt:3:  lightli_unholy_cathedral, layout_chaotic_city,
          nicolae_tomb_entry_rubble_hallway, ebering_ghost_xom, uniq_mennas
Depths:1: layout_honeycomb, grunt_gozag_breadcrumbs, pan_entry, hell_entry,
          minivault_16, nzn_life_drinkers, minmay_shop_grove, uniq_bai_suzhen,
          uniq_enchantress
Depths:2: minmay_guarded_unrand_majin_bo, layout_basic, pf_coc_iceberg,
          rand_demon_pan_entry_1, infiniplex_staircase_diamond
Depths:3: gammafunk_dig_for_victory, layout_basic, enter_ziggurat_b, hell_entry,
          serial_shops, shop, nicolae_inconvenience_store,
          marbit_kobold_abyss_entry, minmay_misc_feat_chi,
          infiniplex_staircase_zigzag_1
Depths:4: grunt_zot_entry_gee_three, layout_honeycomb, hell_entry, abyss_entry,
          roderic_lattice_a, nzn_wu_jian_council_hall,
          infiniplex_staircase_pool_lava
Zot:1:    layout_misc_corridors, st_stairs_9, drop_trap,
          hangedman_player_shredder
Zot:2:    layout_gridlike
Zot:3:    lemuel_firehouse, layout_onion_interference
Zot:4:    layout_onion_interference
Zot:5:    layout_onion

Skill      XL: |  1  2  3  4  5  6  7  8  9 10 11 12 13 14 15 16 17 18 19 20 21 22 23 24 25 |
---------------+----------------------------------------------------------------------------+-----
Polearms       | 2 3 4 |  4.0
Fighting       | 2 5 7 10 11 15 16 20 21 22 | 22.6
Armour         | 1 2 5 10 11 15 | 15.0
Dodging        | 2 5 8 10 12 15 16 18 20 | 20.0
Short Blades   | 2 4 5 6 |  6.0
Evocations     | 1 5 |  5.0
Long Blades    | 6 11 13 15 17 20 21 24 26 | 26.7
Shields        | 8 10 15 | 15.0
Throwing       | |  0.8
Spellcasting   | |  1.7
Translocations | |  2.6

Action                     |  1- 3 |  4- 6 |  7- 9 | 10-12 | 13-15 | 16-18 | 19-21 | 22-24 | 25-27 || total
---------------------------+-------+-------+-------+-------+-------+-------+-------+-------+-------++-------
  Melee: Spear             |   238 |    29 |       |       |       |       |       |       |       ||   267
         Punch             |     1 |     1 |    21 |     8 |    17 |       |       |       |       ||    48
         Short sword       |       |   195 |   798 |   243 |       |       |       |       |       ||  1236
         Dagger            |       |       |    14 |       |       |       |       |       |       ||    14
         Rapier            |       |       |       |    79 |       |       |       |       |       ||    79
         Scimitar          |       |       |       |   661 |  1898 |  2240 |  3022 |  1550 |       ||  9371
         Falchion          |       |       |       |    22 |       |       |       |       |       ||    22
         Katana            |       |       |       |       |       |       |       |  1221 |   267 ||  1488
  Throw: Boomerang         |       |     4 |       |       |       |       |       |       |       ||     4
         Dart              |       |       |     1 |    16 |     6 |       |       |       |       ||    23
  Evoke: Wand              |       |     3 |     4 |     6 |    17 |     5 |     7 |    19 |       ||    61
         Box of beasts     |       |       |       |     1 |       |     1 |       |       |       ||     2
         Phantom mirror    |       |       |       |       |     3 |     4 |     2 |     1 |       ||    10
         Phial of floods   |       |       |       |       |       |     1 |       |       |       ||     1
    Use: Scroll            |     7 |     4 |     6 |     8 |    12 |    14 |    13 |    10 |     9 ||    83
         Potion            |       |       |     3 |     1 |     5 |    13 |     5 |     6 |    20 ||    53
   Stab: Sleeping          |     3 |       |     4 |     2 |     4 |       |       |     1 |       ||    14
         Distracted        |     1 |       |     1 |     2 |     2 |     2 |     1 |       |       ||     9
         Petrified         |       |       |       |     4 |       |       |       |       |       ||     4
         Betrayed ally     |       |       |       |     1 |       |       |       |       |       ||     1
         Invisible         |       |       |       |       |    10 |    11 |       |       |       ||    21
         Confused          |       |       |       |       |       |     2 |       |       |       ||     2
         Fleeing           |       |       |       |       |       |       |     1 |       |       ||     1
 Armour: Leather armour    |    61 |    47 |       |   124 |    92 |       |       |       |       ||   324
         Robe              |       |    16 |   204 |   100 |       |       |       |       |       ||   320
         Pearl dragon scal |       |       |       |       |   323 |   399 |   564 |   407 |    22 ||  1715
  Dodge: Dodged            |    96 |   109 |   433 |   767 |  1165 |   934 |  1936 |  1598 |    85 ||  7123
  Block: Kite shield       |       |       |       |       |  1109 |  1614 |  2142 |  1636 |    90 ||  6591
         Reflection        |       |       |       |       |    19 |    65 |    38 |    29 |     1 ||   152
